 Dungeon Crawl Stone Soup version 0.26-a0-1120-ga1b6d6fda9 (webtiles) character file.

Game seed: 11875424218404679455

48595 Majang the Thaumaturge (level 13, -1/159 HPs)
             Began as a Demigod Ice Elementalist on Dec 16, 2020.
             Slain by a boulder beetle (8 damage)
             ... on level 6 of the Lair of Beasts on Dec 17, 2020.
             The game lasted 01:50:10 (23946 turns).

Majang the Thaumaturge (Demigod Ice Elementalist)  Turns: 23946, Time: 01:50:11

Health: -1/159     AC: 36    Str: 11    XL:     13   Next: 76%
Magic:  32/32      EV:  2    Int: 27    God:
Gold:   2065       SH:  0    Dex: 16    Spells: 11/34 levels left

rFire    + . .     SeeInvis .   a - +7 scimitar
rCold    . . .     Faith    .   (no shield)
rNeg     + + +     Spirit   .   (armour currently unavailable)
rPois    +         Reflect  .   (helmet currently unavailable)
rElec    .         Harm     .   (cloak currently unavailable)
rCorr    .         Rampage  .   (gloves currently unavailable)
Will     +....     NoTele   +   (boots currently unavailable)
Stlth    ++........             m - amulet of the acrobat
HPRegen  0.36/turn              A - ring of protection from fire
MPRegen  0.23/turn              f - ring of positive energy

@: icy armour, tree-form
A: high mp 1
a: no special abilities


You were on level 6 of the Lair of Beasts.
You were a tree.
You visited 3 branches of the dungeon, and saw 17 of its levels.
You also visited: Volcano.

You collected 2260 gold pieces.
You spent 195 gold pieces at shops.

Inventory:

Hand Weapons
 a - a +7 scimitar (weapon)
 b - a +2 broad axe of flaming
 E - a +0 halberd of freezing
Armour
 d - a +0 kite shield of protection
 g - a scarf of resistance
 q - a +1 pair of boots (melded)
 w - a +1 cloak (melded)
 F - a +0 robe (melded)
 I - the +2 hood of the Assassin (melded) {Detection Stab+ Stlth++}
   (You found it on level 4 of the Lair of Beasts)

   It makes you much more stealthy.
Magical Staves
 t - an uncursed staff of fire
Jewellery
 f - a ring of positive energy (right branch)
 m - an amulet of the acrobat (around neck)
 x - a +4 ring of evasion
 A - a ring of protection from fire (left branch)
Wands
 u - a wand of random effects (48)
 y - a wand of paralysis (19)
 D - a wand of flame (30)
Scrolls
 i - 2 scrolls of amnesia
 j - 4 scrolls of teleportation
 l - 9 scrolls of remove curse
 o - 2 scrolls of enchant armour
 G - 2 scrolls of identify
Potions
 e - 3 potions of magic
 h - 3 potions of resistance
 k - 2 potions of invisibility
 n - a potion of mutation {unknown}
 p - 3 potions of cancellation
 r - 5 potions of brilliance
 s - a potion of lignification
 v - 9 potions of ambrosia
 z - 6 potions of attraction
 B - 4 potions of curing
 C - a potion of haste
 H - 3 potions of might
Miscellaneous
 c - a box of beasts
 J - a condenser vane


   Skills:
 + Level 7.6 Fighting
 + Level 7.6 Staves
 + Level 8.0 Dodging
 - Level 1.7 Stealth
 - Level 3.2 Shields
 * Level 11.0 Spellcasting
 + Level 7.5 Conjurations
 + Level 9.2 Ice Magic
 * Level 4.1 Earth Magic
 + Level 7.6 Evocations


You had 11 spell levels left.
You knew the following spells:

 Your Spells              Type           Power        Failure   Level
a - Ozocubu's Armour      Ice            60%          1%          3
b - Iskenderun's Mystic   Conj/Tloc      35%          9%          4
d - Dazzling Flash        Conj/Hex       70%          2%          3
f - Freeze                Ice            100%         1%          1
h - Hailstorm             Conj/Ice       57%          1%          4
l - Lee's Rapid Deconstr  Erth           18%          19%         5
r - Frozen Ramparts       Ice            100%         1%          3

Your spell library contained the following spells:

 Spells                   Type           Power        Failure   Level
 Magic Dart               Conj           100%         1%          1
 Searing Ray              Conj           100%         1%          2
 Passwall                 Tmut/Erth      21%          2%          2
 Animate Skeleton         Necr           28%          3%          1
 Apportation              Tloc           28%          3%          1
 Beastly Appendage        Tmut           28%          3%          1
 Corona                   Hex            15%          3%          1
 Summon Small Mammal      Summ           56%          3%          1
 Blink                    Tloc           N/A          6%          2
 Call Imp                 Summ           14%          6%          2
 Swiftness                Air            14%          6%          2
 Wereblood                Tmut           14%          6%          2
 Ice Form                 Ice/Tmut       39%          6%          4
 Summon Ice Beast         Ice/Summ       39%          6%          4
 Fulminant Prism          Conj/Hex       17%          9%          4
 Call Canine Familiar     Summ           14%          12%         3
 Gell's Gravitas          Tloc           7%           12%         3
 Lesser Beckoning         Tloc           7%           12%         3
 Spider Form              Tmut/Pois      7%           12%         3
 Summon Guardian Golem    Hex/Summ       14%          12%         3
 Teleport Other           Tloc           14%          12%         3
 Tukima's Dance           Hex            14%          12%         3
 Passage of Golubria      Tloc           N/A          36%         4
 Summon Lightning Spire   Summ/Air       14%          36%         4
 Alistair's Intoxication  Tmut/Pois      9%           71%         5
 Blade Hands              Tmut           7%           71%         5
 Summon Demon             Summ           7%           71%         5
 Summon Forest            Summ/Tloc      7%           71%         5
 Summon Mana Viper        Hex/Summ       14%          71%         5
 Invisibility             Hex            14%          99%         6
 Shadow Creatures         Summ           N/A          99%         6
 Summon Hydra             Summ           7%           100%        7


Dungeon Overview and Level Annotations

Branches:
Dungeon (10/15)            Temple (1/1) D:5            Lair (6/6) D:10
 Shoals (0/4) Lair:3        Snake (0/4) Lair:4        Slime (0/5) Lair:6
    Orc (0/2) D:10        Volcano (visited)

Shops:
D:10 !


Innate Abilities, Weirdness & Mutations

You have an increased reservoir of magic. (+10% MP)


Message History

You hit the boulder beetle.
The boulder beetle is almost dead.
The boulder beetle closely misses you.
You hit the boulder beetle but do no damage.
The boulder beetle is almost dead.
The boulder beetle completely misses you.
You completely miss the boulder beetle.
The boulder beetle is almost dead.
The boulder beetle bites you!!
* * * LOW HITPOINT WARNING * * *
The boulder beetle bites you!!
* * * LOW HITPOINT WARNING * * *
Unknown command.
Really quaff the potion of lignification?
You turn into a tree.
Your +1 cloak melds into your body.
The +2 hood of the Assassin {Detection Stab+ Stlth++} melds into your body.
Your +1 pair of boots melds into your body.
Your +0 robe melds into your body.
Your roots penetrate the ground.
The boulder beetle bites you!
You die...

♣. ♣.♣♣ ♣. ♣♣.♣♣ ♣.. ♣♣
♣♣♣...♣♣♣ ...
.♣♣♣.♣♣.......♣♣♣♣ ♣♣♣(..
.................♣♣♣.....
......
..........##.....##......
......
........^..#..#..###.....
.....
..........♣........##.#....
...#
..........B..........##.....
...##.##
###....#....P..#####†...
...P.#.#.###P...#########
#..... ................#
##.... ....# #.#....## ###
##... ....#########..####.#
###. ...##.#.#..#...##..##
## ............†.......#


You could see a boulder beetle.

Vanquished Creatures
  Erolcha (D:9)
  2 hydras
  3 boulder beetles
  A catoblepas (Lair:4)
  A two-headed ogre (D:8)
  A hell knight (Volcano)
  Nergalle (Lair:3)
  A lindwurm (Lair:6)
  2 ugly things (Volcano)
  2 oklob plants (Lair:4)
  4 black mambas
  14 cane toads
  2 merfolk sirens (Lair:3)
  A torpor snail (Lair:2)
  14 komodo dragons
  2 rime drakes
  3 polar bears
  2 merfolk (Lair:3)
  3 meliai (Lair:5)
  A queen bee (Lair:5)
  23 blink frogs
  4 dream sheep (Lair:5)
  72 yaks
  7 wyverns
  6 fire bats (Volcano)
  5 basilisks
  Grum (D:9)
  2 acid dragons
  22 water moccasins
  3 hell hounds
  A hornet zombie (D:9)
  An ice beast (D:7)
  2 orc warriors
  3 black bears
  3 centaurs
  2 ogres
  4 sky beasts
  24 wolves
  7 bullfrogs
  A wyvern zombie (D:10)
  2 scorpions
  31 killer bees
  11 wights (D:9)
  3 howler monkeys
  6 lava snakes (Volcano)
  2 bullfrog zombies
  2 hounds
  A centaur zombie (D:8)
  A quasit (D:8)
  2 centaur skeletons
  4 jellies
  2 bullfrog skeletons
  An orc priest (D:6)
  2 orc wizards (D:6)
  Jessica (D:2)
  3 iguanas
  7 worker ants
  A killer bee zombie (D:6)
  2 hound skeletons
  2 worker ant zombies
  17 adders
  4 gnolls (D:9)
  A howler monkey skeleton (D:7)
  4 shadow imps
  2 white imps
  4 oozes
  An adder skeleton (D:4)
  3 worms
  2 dart slugs
  5 leopard geckos
  13 orcs
  2 ball pythons
  8 giant cockroaches
  13 goblins
  3 hobgoblins
  11 jackals
  7 kobolds
  2 quokkas
  5 bats
  2 frilled lizards
  A quokka skeleton (D:5)
  6 rats
456 creatures vanquished.

Vanquished Creatures (collateral kills)
  A basilisk (Lair:5)
1 creature vanquished.

Vanquished Creatures (others)
  39 fungi
  65 plants
104 creatures vanquished.

Grand Total: 561 creatures vanquished

Notes
Turn   | Place    | Note
-------+----------+-------------------------------------------
     0 | D:1      | Majang the Demigod Ice Elementalist began the quest for the
                  | Orb.
     0 | D:1      | Reached XP level 1. HP: 14/14 MP: 5/5
   137 | D:1      | Reached skill level 2 in Spellcasting
   413 | D:1      | Reached XP level 2. HP: 20/20 MP: 5/7
  1075 | D:2      | Reached XP level 3. HP: 22/26 MP: 7/9
  1079 | D:2      | Learned a level 3 spell: Ozocubu's Armour
  1083 | D:2      | Learned a level 3 spell: Frozen Ramparts
  1117 | D:2      | Found a blossoming altar of Fedhas.
  1121 | D:2      | Found an ancient bone altar of Kikubaaqudgha.
  1198 | D:2      | Found an ornate altar of the Wu Jian Council.
  1198 | D:2      | Found a shimmering blue altar of Sif Muna.
  1199 | D:2      | Found a basalt altar of Yredelemnul.
  1457 | D:2      | Found a stormy altar of Qazlal.
  1566 | D:2      | Reached skill level 3 in Spellcasting
  1759 | D:2      | Found an iron altar of Okawaru.
  2010 | D:2      | Reached XP level 4. HP: 33/33 MP: 7/11
  2131 | D:2      | Noticed Jessica
  2138 | D:2      | Killed Jessica
  2988 | D:3      | Found a shimmering altar of Xom.
  2990 | D:3      | Found a sparkling altar of Nemelex Xobeh.
  3157 | D:4      | Reached XP level 5. HP: 37/38 MP: 10/14
  3241 | D:4      | Found a broken altar of Ashenzari.
  3289 | D:4      | Reached skill level 4 in Spellcasting
  3778 | D:5      | Entered Level 5 of the Dungeon
  4098 | D:5      | Noticed a phantom
  4330 | D:5      | Reached XP level 6. HP: 44/45 MP: 12/16
  4358 | D:5      | Learned a level 4 spell: Hailstorm
  4393 | D:5      | Reached skill level 5 in Ice Magic
  4732 | D:5      | Found a staircase to the Ecumenical Temple.
  4738 | Temple   | Entered the Ecumenical Temple
  5276 | D:6      | Reached skill level 1 in Fighting
  5276 | D:6      | Reached skill level 1 in Conjurations
  5276 | D:6      | Reached skill level 1 in Evocations
  5323 | D:6      | Reached skill level 1 in Staves
  5323 | D:6      | Reached skill level 1 in Shields
  5323 | D:6      | Reached skill level 5 in Spellcasting
  5323 | D:6      | Reached XP level 7. HP: 25/52 MP: 4/18
  6057 | D:6      | Found a stormy altar of Qazlal.
  6797 | D:7      | Reached XP level 8. HP: 61/61 MP: 12/19
  7332 | D:7      | Identified a scroll of acquirement
  7332 | D:7      | Acquired 1092 gold pieces
  7786 | D:7      | Found a sacrificial altar of Ru.
  8391 | D:8      | Reached skill level 6 in Spellcasting
  8427 | D:8      | Noticed a two-headed ogre
  8449 | D:8      | Killed a two-headed ogre
  8450 | D:8      | Reached XP level 9. HP: 23/69 MP: 13/22
 10042 | D:9      | Noticed Grum
 10060 | D:9      | Killed Grum
 10373 | D:9      | Reached skill level 7 in Spellcasting
 11302 | D:9      | Reached XP level 10. HP: 78/78 MP: 17/24
 11379 | D:9      | Noticed Erolcha
 11392 | D:9      | Killed Erolcha
 11675 | D:10     | Entered Level 10 of the Dungeon
 11781 | D:10     | Found Foroely's Distillery.
 11784 | D:10     | Bought a potion of heal wounds for 65 gold pieces
 11784 | D:10     | Bought a potion of degeneration for 13 gold pieces
 11784 | D:10     | Bought a potion of attraction for 39 gold pieces
 11784 | D:10     | Bought 2 potions of lignification for 78 gold pieces
 12136 | D:10     | Reached skill level 5 in Dodging
 12289 | D:10     | Found a staircase to the Lair.
 12563 | D:10     | Learned a level 3 spell: Dazzling Flash
 12591 | D:10     | Found a staircase to the Orcish Mines.
 12700 | Lair:1   | Entered Level 1 of the Lair of Beasts
 12727 | Lair:1   | Reached skill level 8 in Spellcasting
 12782 | Lair:1   | Noticed a black mamba
 12790 | Lair:1   | Killed a black mamba
 13223 | Lair:1   | Reached skill level 5 in Evocations
 13402 | Lair:1   | You fall into a shaft and drop 1 floor!
 13403 | Lair:2   | Noticed a torpor snail
 13412 | Lair:2   | Reached skill level 5 in Conjurations
 13413 | Lair:2   | Killed a torpor snail
 13414 | Lair:2   | Reached XP level 11. HP: 47/85 MP: 22/27
 13415 | Lair:2   | Reached skill level 5 in Fighting
 13418 | Lair:2   | Reached skill level 5 in Staves
 13931 | Lair:1   | Found a stormy altar of Qazlal.
 14903 | Lair:2   | Reached skill level 9 in Spellcasting
 14957 | Lair:2   | Noticed a boulder beetle
 15065 | Lair:2   | Killed a boulder beetle
 15707 | Lair:2   | Upgraded the game from 0.26-a0-1106-g6dfc622489 to
                  | 0.26-a0-1120-ga1b6d6fda9
 15712 | Lair:2   | Learned a level 4 spell: Iskenderun's Mystic Blast
 16034 | Lair:3   | Reached XP level 12. HP: 95/95 MP: 21/30
 16546 | Lair:3   | Found a staircase to the Shoals.
 16964 | Lair:3   | You fall into a shaft and drop 2 floors!
 16992 | Lair:5   | Reached skill level 10 in Spellcasting
 17236 | Lair:5   | Noticed a boulder beetle
 17253 | Lair:5   | Killed a boulder beetle
 17553 | Lair:5   | Found a dark tunnel.
 17561 | Volcano  | Entered a volcano
 17956 | Volcano  | Found a burning altar of Makhleb.
 18351 | Lair:4   | Learned a level 5 spell: Lee's Rapid Deconstruction
 18442 | Lair:3   | Noticed a boulder beetle
 18456 | Lair:3   | Killed a boulder beetle
 18824 | Lair:3   | Reached XP level 13. HP: 105/105 MP: 26/32
 18851 | Lair:3   | Noticed Nergalle
 18860 | Lair:3   | Killed Nergalle
 18861 | Lair:3   | Reached skill level 1 in Earth Magic
 19399 | Lair:4   | Found a staircase to the Snake Pit.
 19587 | Lair:4   | Found the +2 hood of the Assassin {Detection Stab+ Stlth++}
 21625 | Lair:6   | Entered Level 6 of the Lair of Beasts
 22899 | Lair:6   | Reached skill level 11 in Spellcasting
 23403 | Lair:6   | Found a staircase to the Slime Pits.
 23945 | Lair:6   | HP: 4/106 [boulder beetle (26)]
 23946 | Lair:6   | Slain by a boulder beetle

Illustrated notes

Levels and vault maps discovered:
D:1:      saegor_arrival_simple_a, layout_loops_ring, minmay_tetromino_i4
D:2:      layout_loops_corners, lemuel_doored_altar, minitemple,
          grunt_qazlal_clouds, uniq_jessica
D:3:      layout_basic, chequers_temple_overflow_statue_of_worship
D:4:      layout_basic, ashenzari_altar_1
D:5:      layout_loops_corners, temple_green
D:6:      layout_cave_pools, kennysheep_little_box
D:7:      layout_layer_cave, nicolae_ru_the_path_less_chosen
D:8:      layout_rooms
D:9:      layout_roguey, uniq_erolcha, uniq_grum
D:10:     layout_rooms, erik_lair_dragon, orc_0_dummy, serial_shops,
          kennysheep_mini_moat
Temple:   minmay_temple_curvy_loop
Lair:1:   layout_roguey, basic_altar, lemuel_fruit_tree
Lair:2:   layout_misc_corridors, beast_lair_carwin_8
Lair:3:   layout_gridlike, elwin_shoals_entry_stream, uniq_nergalle
Lair:4:   layout_cave_pods, minmay_snake_entry_six_corridors,
          grunt_megastairs_4, minmay_lair_oklob_chamber
Lair:5:   layout_roguey [special_room_bee], enter_volcano_3,
          chequers_serial_rivers_small_b, kennysheep_basilisk_garden,
          grunt_megastairs_5
Lair:6:   evil_forest, layout_gridlike, nicolae_slime_entry_slimehenge

Skill      XL: |  1  2  3  4  5  6  7  8  9 10 11 12 13 |
---------------+----------------------------------------+-----
Spellcasting   | 2 3 4 5 6 7 8 9 10 11 | 11.0
Ice Magic      | 4 5 6 7 8 9 |  9.2
Dodging        | 2 3 4 5 6 7 8 |  8.0
Fighting       | 1 3 4 5 7 |  7.6
Conjurations   | 1 2 3 4 5 6 7 |  7.5
Evocations     | 1 3 4 5 6 7 |  7.6
Staves         | 1 2 3 4 6 7 |  7.6
Shields        | 1 3 |  3.2
Earth Magic    | 4 |  4.1
Stealth        | |  1.7

Action                   |  1- 3 |  4- 6 |  7- 9 | 10-12 | 13-15 || total
-------------------------+-------+-------+-------+-------+-------++-------
Melee: Club              |    11 |       |       |       |       ||    11
       Unarmed           |     1 |       |       |       |       ||     1
       Mace              |    15 |       |       |       |       ||    15
       War axe           |    15 |   104 |   169 |       |       ||   288
       Scimitar          |       |       |    29 |   283 |   183 ||   495
       Halberd           |       |       |    15 |       |       ||    15
       Broad axe         |       |       |       |       |     5 ||     5
 Cast: Freeze            |    28 |     8 |     5 |     1 |     2 ||    44
       Frozen Ramparts   |     7 |    20 |    46 |    92 |    52 ||   217
       Ozocubu's Armour  |     1 |    11 |    41 |    49 |    34 ||   136
       Hailstorm         |       |     1 |    19 |    30 |     2 ||    52
       Dazzling Flash    |       |       |       |     2 |       ||     2
       Iskenderun's Myst |       |       |       |     1 |       ||     1
Evoke: Wand              |       |     7 |     5 |    19 |     4 ||    35
       Box of beasts     |       |       |       |     1 |       ||     1
  Use: Potion            |       |     1 |     3 |    11 |     2 ||    17
       Scroll            |       |       |    18 |    13 |     2 ||    33
 Stab: Sleeping          |     6 |     3 |     1 |     3 |     2 ||    15
       Paralysed         |       |       |       |    12 |       ||    12
Armor: Robe              |     6 |    37 |    91 |    71 |    54 ||   259
       Skin              |       |       |       |    29 |       ||    29
Dodge: Dodged            |    37 |    76 |   175 |   318 |   190 ||   796
       Rpst.: Scimitar   |       |       |     6 |    86 |    45 ||   137

Table legend: (Time is in decaauts)
 A = Elapsed time spent in this place.
 B = Non-inter-level travel time spent in this place.
 C = Inter-level travel time spent in this place.
 D = Time resting spent in this place.
 E = Time spent auto-exploring this place.
 F = Levels seen in this place.
 G = Mean time per level.
                   A        B        C        D        E       F      G
               +--------+--------+--------+--------+--------+-----+--------+
         Total |  24306 |  23576 |    730 |   9549 |   8660 |  18 | 1350.3 |
       Dungeon |  13105 |  12606 |    499 |   4534 |   5501 |  10 | 1310.5 |
        Temple |      1 |      1 |      0 |      0 |      0 |   1 |    1.0 |
          Lair |  10732 |  10501 |    231 |   4802 |   3124 |   6 | 1788.7 |
       Volcano |    466 |    466 |      0 |    212 |     34 |   1 |  466.0 |
               +--------+--------+--------+--------+--------+-----+--------+

Top non-repeatable levels by time:
     D:9: 2440 daAuts
  Lair:6: 2366 daAuts
  Lair:4: 2203 daAuts
  Lair:3: 1975 daAuts
     D:5: 1675 daAuts
     D:7: 1635 daAuts
  Lair:1: 1446 daAuts
  Lair:2: 1385 daAuts
  Lair:5: 1355 daAuts
     D:6: 1312 daAuts
     D:2: 1289 daAuts
    D:10: 1183 daAuts
     D:8: 1043 daAuts
     D:1: 1039 daAuts
     D:3: 787 daAuts
